3AAA
SYLVANIA MAPLE LEAVES @ LÉVIS ROCKS
09/14/2017
 
TOP OF THE 1ST
Sylvania Maple Leaves batting - Pitching for Lévis Rocks : LHP Jim Unknown
Pitching: LHP Jim Unknown
Batting: RHB Kenny Norton 0-0: Called Strike
0-1: Called Strike
0-2: Foul Ball, location: 2F
0-2: Ball
1-2: Ground out 4-3 (Groundball, 4)
Batting: RHB Trevor Gardner 0-0: Swinging Strike
0-1: Ball
1-1: SINGLE (Line Drive, 56D)
Batting: RHB Harris Harden 0-0: Called Strike
0-1: Ball
1-1: Fly out, F4 (Popup, 34D)
Batting: LHB Iván Gonzáles 0-0: Ball
1-0: SINGLE (Groundball, 34D)
Trevor Gardner to second
Runner from 2nd tries for 3rd, SAFE, throw made to third
Batting: RHB Yao-qing Ya 0-0: Ball
1-0: Fly out, F5 (Popup, 5SF)
Top of the 1st over - 0 run(s), 2 hit(s), 0 error(s), 2 left on base; Sylvania 0 - Lévis 0
BOTTOM OF THE 1ST
Lévis Rocks batting - Pitching for Sylvania Maple Leaves : LHP Han Sawallisch
Pitching: LHP Han Sawallisch
Batting: RHB Juan López 0-0: Called Strike
0-1: Ball
1-1: Ground out 5-3 (Groundball, 5S)
Batting: LHB Jim Unknown 0-0: Foul Ball, location: 2F
0-1: SINGLE (Line Drive, 56)
Batting: RHB Dan Holliday 0-0: Called Strike
0-1: Called Strike
0-2: Ball
1-2: Foul Ball, location: 2F
1-2: Strikes out looking
Batting: RHB Ernie McPherson 0-0: Ball
1-0: Foul Ball, location: 2F
1-1: Ball
2-1: Ball
3-1: Called Strike
3-2: Ground out 1-3 (Groundball, 13S)
Bottom of the 1st over - 0 run(s), 1 hit(s), 0 error(s), 1 left on base; Sylvania 0 - Lévis 0
TOP OF THE 2ND
Sylvania Maple Leaves batting - Pitching for Lévis Rocks : LHP Jim Unknown
Batting: LHB Daniel Ruíz 0-0: Foul Ball, location: 2F
0-1: Called Strike
0-2: Strikes out looking
Batting: SHB Jim Unknown 0-0: Swinging Strike
0-1: Foul Ball, location: 2F
0-2: Hit by Pitch
Batting: RHB José Valdéz 0-0: Ball
1-0: Foul Ball, location: 2F
1-1: Called Strike
1-2: Strikes out swinging
Batting: LHB Chris Randolph 0-0: SINGLE (Line Drive, 9LS)
Jim Unknown to second
Batting: RHB Kenny Norton 0-0: Called Strike
0-1: Ball
1-1: Ball
2-1: Ball
3-1: Foul Ball, location: 2F
3-2: DOUBLE (Line Drive, 7M)
Jim Unknown scores
Chris Randolph to third
Chris Randolph scores
Batting: RHB Trevor Gardner 0-0: SINGLE (Groundball, 6M)
Kenny Norton to third
Runner from 3rd tries for Home, SAFE, no throw or cutoff
Batting: RHB Harris Harden 0-0: Called Strike
0-1: Ball
1-1: Ball
2-1: Ball
3-1: Base on Balls
Trevor Gardner to second
Batting: LHB Iván Gonzáles 0-0: Fielders Choice at 2nd, U6 (Groundball, 6M)
Top of the 2nd over - 3 run(s), 3 hit(s), 0 error(s), 2 left on base; Sylvania 3 - Lévis 0
BOTTOM OF THE 2ND
Lévis Rocks batting - Pitching for Sylvania Maple Leaves : LHP Han Sawallisch
Batting: LHB Jim Unknown 0-0: Foul Ball, location: 2F
0-1: Foul Ball, location: 2F
0-2: Ball
1-2: Ball
2-2: Foul Ball, location: 2F
2-2: Fly out, F6 (Popup, 56D)
Batting: LHB Jim Unknown 0-0: Ground out 4-3 (Groundball, 34)
Batting: RHB Jim Unknown 0-0: Fly out, F2 (Popup, 2RF)
Bottom of the 2nd over - 0 run(s), 0 hit(s), 0 error(s), 0 left on base; Sylvania 3 - Lévis 0
TOP OF THE 3RD
Sylvania Maple Leaves batting - Pitching for Lévis Rocks : LHP Jim Unknown
Batting: RHB Yao-qing Ya 0-0: Called Strike
0-1: Ball
1-1: Foul Ball, location: 2F
1-2: Ball
2-2: Ball
3-2: Base on Balls
Batting: LHB Daniel Ruíz 0-0: Ball
1-0: Foul Ball, location: 2F
1-1: Ball
2-1: Called Strike
2-2: Foul Ball, location: 2F
2-2: 2-RUN HOME RUN (Flyball, 9LD), Distance : 348 ft
Pitching: LHP Jim Unknown
Batting: SHB Jim Unknown 0-0: Ball
1-0: Called Strike
1-1: Ball
2-1: Ground out 1-3 (Groundball, 13S)
Batting: RHB José Valdéz 0-0: Ball
1-0: Foul Ball, location: 2F
1-1: Swinging Strike
1-2: Foul Ball, location: 2F
1-2: Foul Ball, location: 2F
1-2: Foul Ball, location: 2F
1-2: Ball
2-2: Ground out 6-3 (Groundball, 6)
Batting: LHB Chris Randolph 0-0: Foul Ball, location: 2F
0-1: Called Strike
0-2: Ground out U3 (Groundball, 3)
Top of the 3rd over - 2 run(s), 1 hit(s), 0 error(s), 0 left on base; Sylvania 5 - Lévis 0
BOTTOM OF THE 3RD
Lévis Rocks batting - Pitching for Sylvania Maple Leaves : LHP Han Sawallisch
Batting: LHB Jim Unknown 0-0: Foul Ball, location: 2F
0-1: Foul Ball, location: 2F
0-2: Ball
1-2: SINGLE (Line Drive, 7S)
Batting: RHB Jim Unknown 0-0: Ball
1-0: Ball
2-0: Called Strike
2-1: Swinging Strike
2-2: Foul Ball, location: 2F
2-2: Fielders Choice at 2nd, 1-4 (Groundball, 13S)
Batting: RHB Juan López 0-0: Called Strike
0-1: Foul Ball, location: 2F
0-2: Ball
1-2: Ball
2-2: Fielders Choice at 2nd, 2-6 (Groundball, 2L)
Batting: LHB Jim Unknown 0-0: Ball
1-0: Foul Ball, location: 2F
1-1: Foul Ball, location: 2F
1-2: Fielders Choice at 2nd, U6 (Groundball, 6M)
Bottom of the 3rd over - 0 run(s), 1 hit(s), 0 error(s), 1 left on base; Sylvania 5 - Lévis 0
TOP OF THE 4TH
Sylvania Maple Leaves batting - Pitching for Lévis Rocks : LHP Jim Unknown
Batting: RHB Kenny Norton 0-0: Called Strike
0-1: Ball
1-1: Fly out, F7 (Line Drive, 7D)
Batting: RHB Trevor Gardner 0-0: Swinging Strike
0-1: Ball
1-1: Ground out 6-3 (Groundball, 6M)
Batting: RHB Harris Harden 0-0: Ball
1-0: Ball
2-0: Ball
3-0: Base on Balls
Batting: LHB Iván Gonzáles 0-0: Called Strike
0-1: Ground out 5-3 (Groundball, 5S)
Top of the 4th over - 0 run(s), 0 hit(s), 0 error(s), 1 left on base; Sylvania 5 - Lévis 0
BOTTOM OF THE 4TH
Lévis Rocks batting - Pitching for Sylvania Maple Leaves : LHP Han Sawallisch
Batting: RHB Dan Holliday 0-0: Swinging Strike
0-1: Ball
1-1: Ball
2-1: Swinging Strike
2-2: SINGLE (Groundball, 4MD)
Batting: RHB Ernie McPherson 0-0: Called Strike
0-1: Ball
1-1: Swinging Strike
1-2: Strikes out looking
Batting: LHB Jim Unknown 0-0: Ball
1-0: SINGLE (Flyball, 9S)
Dan Holliday to second
Runner from 2nd tries for 3rd, SAFE, throw made to third
Batting: LHB Jim Unknown 0-0: Ball
1-0: Foul Ball, location: 2F
1-1: Ball
2-1: Ball
3-1: 3-RUN HOME RUN (Flyball, 8RXD), Distance : 437 ft
Batting: RHB Jim Unknown 0-0: Bunt missed!
0-1: Swinging Strike
0-2: Ball
1-2: Foul Ball, location: 2F
1-2: SINGLE (Groundball, 4M)
Batting: LHB Jim Unknown 0-0: Called Strike
0-1: SINGLE (Line Drive, 6MD)
Jim Unknown to second
Runner from 2nd tries for 3rd, OUT!
Batting: RHB Jim Unknown 0-0: Foul Ball, location: 2F
0-1: Ball
1-1: DOUBLE (Flyball, 9LS)
Jim Unknown to third
Runner from 3rd tries for Home, throw and OUT!
Bottom of the 4th over - 3 run(s), 6 hit(s), 0 error(s), 1 left on base; Sylvania 5 - Lévis 3
TOP OF THE 5TH
Sylvania Maple Leaves batting - Pitching for Lévis Rocks : LHP Jim Unknown
Batting: RHB Yao-qing Ya 0-0: Ball
1-0: Called Strike
1-1: Swinging Strike
1-2: Strikes out swinging
Batting: LHB Daniel Ruíz 0-0: Ball
1-0: Called Strike
1-1: Ball
2-1: Foul Ball, location: 2F
2-2: Strikes out looking
Batting: SHB Jim Unknown 0-0: Called Strike
0-1: Ball
1-1: Swinging Strike
1-2: Ball
2-2: Ball
3-2: Strikes out swinging
Top of the 5th over - 0 run(s), 0 hit(s), 0 error(s), 0 left on base; Sylvania 5 - Lévis 3
BOTTOM OF THE 5TH
Lévis Rocks batting - Pitching for Sylvania Maple Leaves : LHP Han Sawallisch
Batting: RHB Juan López 0-0: Ball
1-0: Foul Ball, location: 2F
1-1: SINGLE (Line Drive, 7S)
Batting: LHB Jim Unknown 0-0: SINGLE (Line Drive, 89S)
Juan López to second
Runner from 2nd tries for 3rd, SAFE, throw made to third
Jim Unknown to second
Batting: RHB Dan Holliday 0-0: Called Strike
0-1: Ball
1-1: Ball
2-1: Foul Ball, location: 2F
2-2: Fly out, F7 (Line Drive, 7M)
Runner from 3rd tags up, SCORES, throw made
Batting: RHB Ernie McPherson 0-0: Ground out 5-3 (Groundball, 5S)
Jim Unknown to third
Batting: LHB Jim Unknown 0-0: Called Strike
0-1: DOUBLE (Line Drive, 5D)
Jim Unknown scores
Pitching: RHP Paul Nance
Batting: LHB Jim Unknown 0-0: Called Strike
0-1: Ball
1-1: Ball
2-1: Ball
3-1: SINGLE (Line Drive, 9S)
Jim Unknown to third
Batting: RHB Jim Unknown 0-0: Foul Ball, location: 2F
0-1: Swinging Strike
0-2: Foul Ball, location: 2F
0-2: Ball
1-2: Strikes out looking
Bottom of the 5th over - 2 run(s), 4 hit(s), 0 error(s), 2 left on base; Sylvania 5 - Lévis 5
TOP OF THE 6TH
Sylvania Maple Leaves batting - Pitching for Lévis Rocks : LHP Jim Unknown
Batting: RHB José Valdéz 0-0: Ball
1-0: Ball
2-0: Called Strike
2-1: Ground out 1-3 (Groundball, 13S)
Batting: LHB Chris Randolph 0-0: Ball
1-0: Called Strike
1-1: Ball
2-1: Ball
3-1: Ground out U3 (Groundball, 3)
Pitching: RHP Jim Unknown
Batting: RHB Kenny Norton 0-0: Fly out, F8 (Flyball, 78M)
Top of the 6th over - 0 run(s), 0 hit(s), 0 error(s), 0 left on base; Sylvania 5 - Lévis 5
BOTTOM OF THE 6TH
Lévis Rocks batting - Pitching for Sylvania Maple Leaves : RHP Paul Nance
Batting: LHB Jim Unknown 0-0: Ball
1-0: SINGLE (Groundball, 34D)
Batting: RHB Jim Unknown Pickoff Throw to First - Out!
0-0: SINGLE (Groundball, 4D)
Batting: RHB Juan López 0-0: Called Strike
0-1: Called Strike
0-2: Ball
1-2: Foul Ball, location: 2F
1-2: Ball
2-2: Ball
3-2: Strikes out swinging
Batting: LHB Jim Unknown 0-0: Fly out, F4 (Popup, 8RS)
Bottom of the 6th over - 0 run(s), 2 hit(s), 0 error(s), 1 left on base; Sylvania 5 - Lévis 5
TOP OF THE 7TH
Sylvania Maple Leaves batting - Pitching for Lévis Rocks : RHP Jim Unknown
Batting: RHB Trevor Gardner 0-0: Ball
1-0: Ball
2-0: SINGLE (Groundball, 56D)
Batting: RHB Harris Harden 0-0: Called Strike
0-1: Called Strike
0-2: Ball
1-2: Fly out, F5 (Line Drive, 5)
Batting: LHB Iván Gonzáles 0-0: Ball
1-0: Ball
Wild Pitch!
Trevor Gardner to second
2-0: Intentional Walk
Batting: RHB Yao-qing Ya 0-0: Ball
1-0: Called Strike
1-1: Ball
2-1: SINGLE (Groundball, 56D)
Trevor Gardner to third
Iván Gonzáles to second
Runner from 3rd tries for Home, throw and OUT!
Batting: LHB Daniel Ruíz 0-0: Called Strike
0-1: Ball
1-1: Called Strike
1-2: Fly out, F6 (Popup, 15)
Top of the 7th over - 0 run(s), 2 hit(s), 0 error(s), 2 left on base; Sylvania 5 - Lévis 5
BOTTOM OF THE 7TH
Lévis Rocks batting - Pitching for Sylvania Maple Leaves : RHP Paul Nance
Batting: RHB Dan Holliday 0-0: Called Strike
0-1: SINGLE (Line Drive, 34)
Batting: RHB Ernie McPherson 0-0: Ball
1-0: Fly out, F7 (Flyball, 7M)
Batting: LHB Jim Unknown 0-0: Grounds into double play, 4-6-3 (Groundball, 4)
Bottom of the 7th over - 0 run(s), 1 hit(s), 0 error(s), 0 left on base; Sylvania 5 - Lévis 5
TOP OF THE 8TH
Sylvania Maple Leaves batting - Pitching for Lévis Rocks : RHP Jim Unknown
Batting: SHB Jim Unknown 0-0: Fly out, F7 (Line Drive, 78S)
Batting: RHB José Valdéz 0-0: Ball
1-0: Ground out 6-3 (Groundball, 6)
Pinch Hitting: LHB Jim Unknown 0-0: Ball
1-0: Bunted foul
1-1: Fly out, F8 (Flyball, 89D)
Top of the 8th over - 0 run(s), 0 hit(s), 0 error(s), 0 left on base; Sylvania 5 - Lévis 5
BOTTOM OF THE 8TH
Lévis Rocks batting - Pitching for Sylvania Maple Leaves : RHP Paul Nance
Pitching: LHP Erwin Koevoet
Now at C: Jim Unknown
Batting: LHB Jim Unknown 0-0: Foul Ball, location: 2F
0-1: Ground out 4-3 (Groundball, 4)
Batting: RHB Jim Unknown 0-0: SOLO HOME RUN (Flyball, 7D), Distance : 369 ft
Batting: LHB Jim Unknown 0-0: Called Strike
0-1: Foul Ball, location: 2F
0-2: Strikes out swinging
Batting: RHB Jim Unknown 0-0: Ball
1-0: Called Strike
1-1: SINGLE (Groundball, 56)
Batting: RHB Juan López 0-0: Foul Ball, location: 2F
0-1: Foul Ball, location: 2F
0-2: Ball
1-2: Fly out, F3 (Line Drive, 34)
Bottom of the 8th over - 1 run(s), 2 hit(s), 0 error(s), 1 left on base; Sylvania 5 - Lévis 6
TOP OF THE 9TH
Sylvania Maple Leaves batting - Pitching for Lévis Rocks : RHP Jim Unknown
Pitching: LHP Jim Unknown
Batting: RHB Kenny Norton 0-0: Ball
1-0: Fly out, F9 (Flyball, 9LS)
Batting: RHB Trevor Gardner 0-0: Called Strike
0-1: Ball
1-1: Called Strike
1-2: Strikes out swinging
Batting: RHB Harris Harden 0-0: SINGLE (Line Drive, 8LS)
Batting: LHB Iván Gonzáles 0-0: Ball
1-0: Swinging Strike
1-1: Foul Ball, location: 2F
1-2: Ball
2-2: Ball
3-2: Ground out 1-3 (Groundball, 23)
Top of the 9th over - 0 run(s), 1 hit(s), 0 error(s), 1 left on base; Sylvania 5 - Lévis 6
This league is powered by Out of the Park Baseball, the baseball management simulation game for PC, Mac and Linux
Saturday, February 27th, 2021 - OOTP Baseball 15.6 Build 34